[Event "Titled Tuesday Blitz May 2 Early 2023"]
[White "Karwowski, Kacper"]
[Black "Ng, Gary"]
[WhiteFideId "1126032"]
[BlackFideId "2604914"]
[WhiteElo "2261"]
[BlackElo "2213"]
[Result "0-1"]
[Round "02"]
[TimeControl "180+2"]
[Date "2023.05.02"]
[WhiteClock "0:00:01"]
[BlackClock "0:00:00"]

1. f4 Nf6 2. Nf3 g6 3. b3 Bg7 4. Bb2 O-O 5. e3 d6 6. Be2 Nbd7 7. O-O Re8 8. d4 c6 9. c4 Qc7 10. Nc3 e5 11. fxe5 dxe5 12. d5 e4 13. Nd4 Ne5 14. Rc1 Neg4 15. Qd2 Qxh2# 0-1


[Site "https://www.chess.com"]

[Event "Titled Tuesday Blitz May 2 Early 2023"]
[White "Principe, Gerson"]
[Black "Garrido, Denis"]
[WhiteFideId "3804550"]
[BlackFideId "601217"]
[WhiteElo "2229"]
[BlackElo "2205"]
[Result "1-0"]
[Round "02"]
[TimeControl "180+2"]
[Date "2023.05.02"]
[WhiteClock "0:00:40"]
[BlackClock "0:01:31"]

1. Nf3 Nf6 2. d4 g6 3. Bg5 Bg7 4. Nbd2 O-O 5. e3 d6 6. Be2 Nbd7 7. O-O h6 8. Bxf6 Bxf6 9. c3 c5 10. a4 b6 11. a5 Bb7 12. Qa4 Qc7 13. Bb5 Rfd8 14. b4 Nf8 15. a6 Bc8 16. Bc6 Rb8 17. b5 Bd7 18. Bxd7 Nxd7 19. Rac1 Rbc8 20. Qa3 Bg7 21. Rfd1 Qb8 22. h3 Qa8 23. Qb3 Nf6 24. c4 Ne4 25. d5 Nxd2 26. Rxd2 Qb8 27. e4 h5 28. Re1 f6 29. Nh4 Kf7 30. Qd3 Bh6 31. e5 Bxd2 32. Qxg6+ Kf8 33. e6 1-0


[Site "https://www.chess.com"]

[Event "Titled Tuesday Blitz May 2 Early 2023"]
[White "Kubatko, Ivan"]
[Black "Goswami, Vedant"]
[WhiteFideId "24111473"]
[BlackFideId "5003725"]
[WhiteElo "2285"]
[BlackElo "2011"]
[Result "0-1"]
[Round "02"]
[TimeControl "180+2"]
[Date "2023.05.02"]
[WhiteClock "0:00:00"]
[BlackClock "0:00:00"]

1. e4 c6 2. d4 d5 3. exd5 cxd5 4. c4 e6 5. Nc3 Nf6 6. Nf3 Be7 7. cxd5 Nxd5 8. Bd3 Nc6 9. O-O O-O 10. Re1 Bf6 11. Be4 Nce7 12. Qd3 h6 13. Ne5 Bd7 14. Qg3 Kh8 15. Qh3 Nxc3 16. bxc3 Nf5 17. g4 Nd6 18. Bd3 Bg5 19. f4 Bh4 20. Rf1 Bf6 21. g5 Bxe5 22. gxh6 g6 23. fxe5 Nf5 24. Qg4 Bc6 25. Be4 Rc8 26. Bg5 Qd7 27. Bf6+ Kh7 28. Rf3 Bxe4 29. Qxe4 Qd5 30. Qg4 Rc4 31. Raf1 Rfc8 32. Rxf5 exf5 33. Rxf5 Rxc3 34. Rf1 Rc1 35. Qg5 Rxf1+ 36. Kxf1 Qe4 37. Qd2 Rc2 38. Qe1 Qd3+ 39. Kg1 Qxd4+ 40. Kf1 Qd3+ 41. Kg1 Qd4+ 42. Kf1 Qc4+ 43. Kg1 Rc1 44. Bh4 Rxe1+ 45. Bxe1 Qe4 46. Bg3 Qe3+ 47. Kg2 Kxh6 48. h4 Qe2+ 49. Bf2 Kh5 50. Kg3 Qe4 51. Kh2 a5 52. Bg3 Kg4 53. e6 Qxe6 54. h5 Qe2+ 55. Kg1 Kxg3 0-1


[Site "https://www.chess.com"]

[Event "Titled Tuesday Blitz May 2 Early 2023"]
[White "Marchesich, Giovanni"]
[Black "Drori, Saar"]
[WhiteFideId "2824790"]
[BlackFideId "2812444"]
[WhiteElo "2209"]
[BlackElo "2322"]
[Result "0-1"]
[Round "02"]
[TimeControl "180+2"]
[Date "2023.05.02"]
[WhiteClock "0:01:38"]
[BlackClock "0:00:55"]

1. d4 Nf6 2. Nf3 g6 3. Nc3 d5 4. Bf4 Bg7 5. Qd2 O-O 6. Bh6 c5 7. Bxg7 Kxg7 8. dxc5 Na6 9. O-O-O Nxc5 10. Nxd5 Qxd5 11. Qxd5 Nxd5 12. Rxd5 Ne4 13. e3 Nxf2 14. Rg1 Ng4 15. Kd2 Be6 16. Rd3 Rfd8 17. Nd4 Bc4 18. Rc3 Bxf1 19. Rxf1 e5 20. Rc7 Nf6 21. g4 exd4 22. g5 dxe3+ 23. Ke1 Nd7 0-1


[Site "https://www.chess.com"]

[Event "Titled Tuesday Blitz May 2 Early 2023"]
[White "Bashirli, Saadat"]
[Black "Reefat, Bin-Sattar"]
[WhiteFideId "13429990"]
[BlackFideId "10200207"]
[WhiteElo "1408"]
[BlackElo "2462"]
[Result "0-1"]
[Round "02"]
[TimeControl "180+2"]
[Date "2023.05.02"]
[WhiteClock "0:00:52"]
[BlackClock "0:02:07"]

1. e4 e6 2. d4 d5 3. Nc3 Nf6 4. Bg5 dxe4 5. Nxe4 Be7 6. Bxf6 gxf6 7. c3 f5 8. Nd2 Nd7 9. Ngf3 c5 10. Bb5 Qb6 11. Bxd7+ Bxd7 12. Qc2 cxd4 13. Nxd4 Rg8 14. O-O O-O-O 15. Nc4 Qc7 16. Ne3 f4 17. Nd1 Bc5 18. Nb3 Bc6 19. Re1 Rxg2+ 20. Kf1 f3 21. Ne3 Qxh2 0-1


[Site "https://www.chess.com"]

[Event "Titled Tuesday Blitz May 2 Early 2023"]
[White "Omelja, Artem"]
[Black "Smietanska, Wiktoria"]
[WhiteFideId "14119846"]
[BlackFideId "21869359"]
[WhiteElo "2404"]
[BlackElo "1995"]
[Result "1-0"]
[Round "02"]
[TimeControl "180+2"]
[Date "2023.05.02"]
[WhiteClock "0:00:00"]
[BlackClock "0:00:00"]

1. e4 c5 2. Nf3 d6 3. Bb5+ Nd7 4. d4 cxd4 5. Qxd4 Nf6 6. Bg5 a6 7. Bxd7+ Bxd7 8. c4 Rc8 9. Nc3 Qc7 10. Bxf6 gxf6 11. b3 b5 12. Nd5 Qa5+ 13. Qd2 Qxd2+ 14. Nxd2 bxc4 15. Nxc4 Bg7 16. O-O f5 17. Rae1 fxe4 18. Rxe4 Be6 19. Rfe1 Kd8 20. Nf4 Bxc4 21. bxc4 e6 22. Rd1 Kc7 23. Re3 Rb8 24. Red3 Be5 25. Nh5 Rhd8 26. f4 Bb2 27. Ng3 Rb6 28. Ne4 Rd7 29. c5 Rc6 30. cxd6+ Kd8 31. Rb3 1-0


[Site "https://www.chess.com"]

[Event "Titled Tuesday Blitz May 2 Early 2023"]
[White "Adithya A Chullikkad"]
[Black "Bethke, Richard"]
[WhiteFideId "45078734"]
[BlackFideId "12959243"]
[WhiteElo "1984"]
[BlackElo "2369"]
[Result "1-0"]
[Round "02"]
[TimeControl "180+2"]
[Date "2023.05.02"]
[WhiteClock "0:00:18"]
[BlackClock "0:01:17"]

1. d4 Nf6 2. c4 e6 3. Nc3 Bb4 4. Qc2 O-O 5. Nf3 c5 6. dxc5 Qa5 7. Bd2 Qxc5 8. a3 Bxc3 9. Bxc3 Qxc4 10. e3 Qc7 11. Bd3 d5 12. O-O Nbd7 13. Rac1 b6 14. Qa4 Nc5 15. Qh4 Nfe4 16. Bb1 f5 17. b4 Nb3 18. Be5 Qd8 19. Qxd8 Rxd8 20. Rc7 Ba6 21. Rxg7+ Kf8 22. Bxe4 dxe4 23. Ng5 Rd5 24. Nxh7+ Ke8 25. Nf6+ Kf8 26. Nh7+ Ke8 27. Nf6+ Kd8 28. Nxd5 Bxf1 29. Nf6 Bb5 30. Rg8+ Ke7 31. Rxa8 a5 32. bxa5 Nxa5 33. Ra7+ Kf8 34. Bd6# 1-0


[Site "https://www.chess.com"]

[Event "Titled Tuesday Blitz May 2 Early 2023"]
[White "Barria Santos, Jose Guilherme"]
[Black "Salman, Pavel"]
[WhiteFideId "1939300"]
[BlackFideId "24153753"]
[WhiteElo "2266"]
[BlackElo "2187"]
[Result "0-1"]
[Round "02"]
[TimeControl "180+2"]
[Date "2023.05.02"]
[WhiteClock "0:00:00"]
[BlackClock "0:00:00"]

1. d4 Nf6 2. c4 c5 3. d5 b5 4. cxb5 a6 5. bxa6 g6 6. Nc3 Bg7 7. Nf3 O-O 8. Bf4 Qa5 9. e3 Nxd5 10. Be5 Bxe5 11. Nxe5 Nxc3 12. Qd2 Bxa6 13. Qxc3 Bxf1 14. Qxa5 Rxa5 15. Kxf1 d6 16. Nc4 Ra7 17. Ke2 Nc6 18. a3 Rb8 19. Rab1 d5 20. Nd2 e5 21. Rhc1 c4 22. f4 exf4 23. exf4 Nd4+ 24. Kf2 Re7 25. Re1 Reb7 26. Re5 Rxb2 27. Rxb2 Rxb2 28. Ke3 Nf5+ 29. Kf3 Rxd2 30. Re8+ Kg7 31. Rc8 d4 32. g4 Nd6 33. Rc6 Rd3+ 34. Ke2 Re3+ 35. Kf2 Ne4+ 36. Kf1 d3 37. h4 d2 38. Rxc4 d1=Q+ 39. Kg2 Qd2+ 0-1


[Site "https://www.chess.com"]

[Event "Titled Tuesday Blitz May 2 Early 2023"]
[White "Rios Escobar, Adan"]
[Black "Wessendorf, Thomas, Dr."]
[WhiteFideId "3403645"]
[BlackFideId "4604270"]
[WhiteElo "2234"]
[BlackElo "2280"]
[Result "0-1"]
[Round "02"]
[TimeControl "180+2"]
[Date "2023.05.02"]
[WhiteClock "0:00:02"]
[BlackClock "0:00:25"]

1. d4 Nf6 2. g3 e6 3. c4 c5 4. d5 exd5 5. cxd5 d6 6. Nc3 g6 7. Nf3 Bg7 8. Bg2 O-O 9. O-O Re8 10. Re1 a6 11. a4 Ne4 12. Nxe4 Rxe4 13. Qc2 Rb4 14. Ra2 Nd7 15. Bd2 a5 16. Bc3 Nb6 17. Nd2 Bd7 18. b3 Bxc3 19. Qxc3 Qe7 20. e4 Nxd5 21. Qd3 Nc7 22. Re3 Ne6 23. e5 Nd4 24. exd6 Qxd6 25. Ne4 Qb6 26. Ra3 Kg7 27. h4 Bf5 28. Qc3 Re8 29. Nxc5 Qf6 30. Kh2 Rxe3 31. Qxe3 Nc2 32. Qc1 Nxa3 33. Qxa3 Qd4 34. Qc1 Qxf2 35. Nxb7 Be4 36. Qc3+ Rd4 0-1


[Site "https://www.chess.com"]

[Event "Titled Tuesday Blitz May 2 Early 2023"]
[White "Saya, Ethan"]
[Black "Schut, Han"]
[WhiteFideId "26095181"]
[BlackFideId "1005561"]
[WhiteElo "2189"]
[BlackElo "2024"]
[Result "1/2-1/2"]
[Round "02"]
[TimeControl "180+2"]
[Date "2023.05.02"]
[WhiteClock "0:00:00"]
[BlackClock "0:00:00"]

1. e4 c5 2. Nf3 d6 3. d4 cxd4 4. Qxd4 Nc6 5. Bb5 Bd7 6. Bxc6 Bxc6 7. Nc3 Nf6 8. Bg5 e6 9. O-O-O Be7 10. Bxf6 Bxf6 11. Qxd6 Qxd6 12. Rxd6 Bxc3 13. bxc3 Bxe4 14. Ne5 Rc8 15. Kb2 O-O 16. f3 Bd5 17. Rd1 f6 18. c4 Bxc4 19. Nxc4 Rxc4 20. Rxe6 Rfc8 21. Rd2 Kf7 22. Red6 R8c7 23. Rd7+ Ke6 24. R2d6+ Ke5 25. Rd5+ Kf4 26. Rd4+ Ke5 27. Rxc7 Rxc7 28. Re4+ Kf5 29. c4 g5 30. Kc3 b5 31. g4+ Kg6 32. Kb4 bxc4 33. Rxc4 Rb7+ 34. Kc3 h5 35. h3 hxg4 36. hxg4 Re7 37. Kd3 Rd7+ 38. Rd4 Rb7 39. Ra4 Rd7+ 40. Ke3 Re7+ 41. Re4 Rb7 42. Ra4 Re7+ 43. Kf2 Rb7 44. Kg3 Kf7 45. Ra6 Rc7 46. Ra3 Rb7 47. f4 gxf4+ 48. Kxf4 Kg6 49. Ra4 Re7 50. Ra6 Rb7 51. a3 Rc7 52. Ra4 Rb7 53. Kg3 Rd7 54. Kh4 Rh7+ 55. Kg3 Rd7 56. Ra5 Rd3+ 57. Kh4 Rd7 58. Rb5 Rc7 59. a4 Rh7+ 60. Rh5 Rd7 61. Ra5 Rc7 62. Ra6 Rh7+ 63. Kg3 Rc7 64. Kf4 Rc4+ 65. Kf3 Rc7 66. Ra5 Rc3+ 67. Kf4 Rc4+ 68. Kg3 Rc7 69. Rb5 Rd7 70. a5 Rd3+ 71. Kh4 Ra3 72. Rc5 Ra4 73. Rd5 a6 74. Kg3 Ra3+ 75. Kf4 Ra4+ 76. Kf3 Ra3+ 77. Kf2 Ra2+ 78. Kg3 Ra3+ 79. Kg2 Ra2+ 80. Kh3 Ra3+ 81. Kh4 Ra4 82. Rc5 Ra3 83. Rh5 Ra1 84. Rf5 Ra4 85. Rd5 Ra3 86. Rc5 Ra4 87. Kg3 Ra3+ 88. Kf2 Ra2+ 89. Ke3 Ra3+ 90. Ke2 Ra4 91. Ke3 Ra3+ 92. Kd4 Ra4+ 93. Kd5 Rxg4 94. Kc6 Ra4 95. Kb6 f5 96. Kxa6 Kg5 97. Kb6 Ra1 98. a6 Kg4 99. a7 Rxa7 100. Kxa7 f4 101. Kb6 f3 102. Rc1 f2 103. Kc5 Kf3 104. Kd4 Kg2 105. Rc2 Kg1 106. Rc1+ f1=Q 107. Rxf1+ Kxf1 1/2-1/2


[Site "https://www.chess.com"]

[Event "Titled Tuesday Blitz May 2 Early 2023"]
[White "Shuvalov, Evgenij"]
[Black "Goldin, Roman"]
[WhiteFideId "4187237"]
[BlackFideId "2803860"]
[WhiteElo "2080"]
[BlackElo "2312"]
[Result "1-0"]
[Round "02"]
[TimeControl "180+2"]
[Date "2023.05.02"]
[WhiteClock "0:00:02"]
[BlackClock "0:00:02"]

1. d4 Nf6 2. c4 c6 3. d5 cxd5 4. cxd5 d6 5. Nc3 g6 6. e4 Bg7 7. Bd3 O-O 8. h3 Nbd7 9. Nf3 Nc5 10. Bc2 a5 11. O-O Bd7 12. a4 Rc8 13. Be3 Qb6 14. Rb1 Qb4 15. Nd4 Rfe8 16. Re1 e6 17. Ndb5 Ncxe4 18. Nxe4 Nxe4 19. Bxe4 Bxb5 20. axb5 Qxe4 21. dxe6 Rxe6 22. b6 Qb4 23. Qd3 Rce8 24. Rec1 d5 25. Rc7 d4 26. Bd2 Qxb6 27. Rbc1 Qxb2 28. Bxa5 b5 29. R7c2 Qxc2 30. Qxc2 Re2 31. Qd3 R2e4 32. Qxb5 1-0


[Site "https://www.chess.com"]

[Event "Titled Tuesday Blitz May 2 Early 2023"]
[White "Nissinen, Niilo Man"]
[Black "Chernov, Mikhail"]
[WhiteFideId "30950767"]
[BlackFideId "24143170"]
[WhiteElo "1952"]
[BlackElo "2113"]
[Result "0-1"]
[Round "02"]
[TimeControl "180+2"]
[Date "2023.05.02"]
[WhiteClock "0:00:02"]
[BlackClock "0:01:23"]

1. e4 c5 2. Nf3 Nc6 3. d4 cxd4 4. Nxd4 Nf6 5. Nc3 d6 6. Bg5 e6 7. Qd2 a6 8. O-O-O Bd7 9. f4 b5 10. Re1 Qb6 11. Nxc6 Bxc6 12. Bxf6 gxf6 13. Nd5 Qd8 14. f5 Bxd5 15. exd5 e5 16. Qc3 Rc8 17. Qa3 Qb6 18. Bd3 Bh6+ 19. Kb1 Ke7 20. Qb4 Rc5 21. Be4 Rhc8 22. Qb3 a5 23. Qh3 Bg5 24. Qxh7 b4 25. h4 Bd2 26. Re2 Bc3 27. h5 a4 28. h6 Qb5 29. Bd3 Rc4 30. Rh3 a3 31. b3 Rd4 32. Qg7 Rxd3 33. Rxd3 Bb2 34. h7 Qxd3 0-1


[Site "https://www.chess.com"]

[Event "Titled Tuesday Blitz May 2 Early 2023"]
[White "Kuchava, Ana"]
[Black "Yeritsyan, Hayk"]
[WhiteFideId "13605348"]
[BlackFideId "13307320"]
[WhiteElo "2001"]
[BlackElo "2241"]
[Result "0-1"]
[Round "02"]
[TimeControl "180+2"]
[Date "2023.05.02"]
[WhiteClock "0:00:00"]
[BlackClock "0:00:00"]

1. d4 Nf6 2. Nf3 d5 3. c4 e6 4. Nc3 Bb4 5. Qa4+ Nc6 6. e3 O-O 7. Bd3 dxc4 8. Bxc4 Bd7 9. Qc2 a6 10. a4 Bd6 11. O-O e5 12. d5 Ne7 13. e4 Ng6 14. Bg5 h6 15. Be3 Nh5 16. Rab1 Nhf4 17. b4 Bg4 18. Nd2 Qg5 19. g3 Qh5 20. f3 Bh3 21. Rf2 f5 22. exf5 Bxf5 23. Nce4 Nh3+ 24. Kg2 Nxf2 25. Bxf2 Bh3+ 26. Kg1 Rae8 27. Be2 Qf5 28. Rc1 h5 29. Nxd6 cxd6 30. Qxf5 Bxf5 31. Rc7 Rf7 0-1


[Site "https://www.chess.com"]

[Event "Titled Tuesday Blitz May 2 Early 2023"]
[White "Arpita, Mukherjee"]
[Black "Levitan, Caleb Levi"]
[WhiteFideId "5056403"]
[BlackFideId "14332620"]
[WhiteElo "2129"]
[BlackElo "1963"]
[Result "1-0"]
[Round "02"]
[TimeControl "180+2"]
[Date "2023.05.02"]
[WhiteClock "0:01:13"]
[BlackClock "0:00:02"]

1. e4 c5 2. Nf3 e6 3. d4 cxd4 4. Nxd4 a6 5. Bd3 Bc5 6. Nb3 Ba7 7. Qg4 Nf6 8. Qe2 O-O 9. Nc3 Nc6 10. e5 Ne8 11. h4 d6 12. Bg5 Qc7 13. exd6 Nxd6 14. O-O-O b5 15. Ne4 Nxe4 16. Bxe4 Bb7 17. Rh3 Nb4 18. a3 Bxe4 19. Qxe4 Nd5 20. Rd2 a5 21. Rg3 Bxf2 22. Rf3 Bb6 23. h5 Qh2 24. h6 Qg1+ 25. Rd1 Qxg2 26. hxg7 Qxg5+ 27. Kb1 Qxg7 28. Qh4 Kh8 29. Rh1 Rg8 30. Rg3 a4 31. Rxg7 Rxg7 32. Nd2 Rag8 33. Ne4 Ne3 34. Ng5 Nc4 35. Qxh7+ Rxh7 36. Rxh7# 1-0


[Site "https://www.chess.com"]

[Event "Titled Tuesday Blitz May 2 Early 2023"]
[White "Thiel, Thomas"]
[Black "Eggink, Ryszard"]
[WhiteFideId "4615964"]
[BlackFideId "1125869"]
[WhiteElo "2234"]
[BlackElo "2283"]
[Result "0-1"]
[Round "02"]
[TimeControl "180+2"]
[Date "2023.05.02"]
[WhiteClock "0:01:34"]
[BlackClock "0:00:29"]

1. e4 c5 2. Nc3 g6 3. d4 cxd4 4. Qxd4 Nf6 5. Be3 Nc6 6. Qd2 Bg7 7. f3 O-O 8. Bc4 d6 9. Nge2 Bd7 10. O-O-O Rc8 11. Bb3 Na5 12. h4 Nc4 13. Bxc4 Rxc4 14. g4 b5 15. Kb1 b4 16. Nd5 Nxd5 17. Qxd5 Be6 18. Qb7 Qa5 19. b3 Rxc2 20. Kxc2 Qxa2+ 21. Kd3 Bxb3 22. Rc1 d5 23. e5 Bxe5 24. Bd4 Bc4+ 25. Rxc4 Qxc4+ 26. Ke3 Bxd4+ 0-1


[Site "https://www.chess.com"]

[Event "Titled Tuesday Blitz May 2 Early 2023"]
[White "Lucas, Arthur"]
[Black "Clawitter, Craig"]
[WhiteFideId "26093073"]
[BlackFideId "2023105"]
[WhiteElo "2251"]
[BlackElo "2050"]
[Result "1-0"]
[Round "02"]
[TimeControl "180+2"]
[Date "2023.05.02"]
[WhiteClock "0:00:02"]
[BlackClock "0:00:01"]

1. e4 e6 2. d4 d5 3. Nc3 Bb4 4. e5 c5 5. Bd2 Nh6 6. Nb5 Bxd2+ 7. Qxd2 O-O 8. f4 cxd4 9. Nf3 Nc6 10. Bd3 a6 11. Nd6 f6 12. O-O Ng4 13. Rae1 g6 14. Nxc8 Rxc8 15. exf6 Qxf6 16. Ng5 Ne3 17. Rf3 e5 18. Rh3 Qxf4 19. Ne6 Qf7 20. Nxf8 Rxf8 21. Rf3 Qe7 22. Rxf8+ Qxf8 23. Be2 Qb4 24. c3 Qa5 25. b4 Qb6 26. cxd4 exd4 27. Bf3 Qxb4 28. Qxb4 Nxb4 29. Rb1 Nxa2 30. Rxb7 Nc3 31. Kf2 Nf5 32. Ra7 d3 33. Rxa6 d2 34. Ra1 Nd4 35. Bd1 Nxd1+ 36. Rxd1 Nb3 37. Ke2 d4 38. Rb1 d3+ 39. Kxd3 Nc1+ 40. Kxd2 Na2 41. Kd3 Kf7 42. Rb2 Nc1+ 43. Kd2 1-0


[Site "https://www.chess.com"]

[Event "Titled Tuesday Blitz May 2 Early 2023"]
[White "Floresvillar Gonzalez, Luis Migu"]
[Black "Eynullayev, Altay"]
[WhiteFideId "5100542"]
[BlackFideId "13413562"]
[WhiteElo "2040"]
[BlackElo "2114"]
[Result "0-1"]
[Round "02"]
[TimeControl "180+2"]
[Date "2023.05.02"]
[WhiteClock "0:00:00"]
[BlackClock "0:00:00"]

1. d4 Nf6 2. c3 d5 3. Bg5 Nbd7 4. Nd2 c5 5. e3 e6 6. Bd3 Be7 7. f4 b6 8. Ngf3 Bb7 9. O-O Ne4 10. Bxe7 Qxe7 11. Qe2 Nxd2 12. Qxd2 Nf6 13. Ne5 Ne4 14. Bxe4 dxe4 15. Rac1 f6 16. Ng4 h5 17. Nf2 Qd7 18. Rfd1 Rd8 19. Qe2 Kf7 20. dxc5 Qc6 21. cxb6 Rxd1+ 22. Rxd1 axb6 23. h3 Ke7 24. Rd4 f5 25. h4 g6 26. Nh3 Rd8 27. Qd2 Rd5 28. Ng5 Ba6 29. b3 Qd6 30. c4 Rxd4 31. Qxd4 Qxd4 32. exd4 b5 33. cxb5 Bxb5 34. a4 Bd3 35. b4 e3 36. Nf3 Kd6 37. Ne5 Be2 38. Nxg6 Kd5 39. Nf8 Kxd4 40. Nxe6+ Kc3 41. b5 Bxb5 42. axb5 e2 43. Kf2 Kd2 44. Ng5 e1=Q+ 0-1


[Site "https://www.chess.com"]

[Event "Titled Tuesday Blitz May 2 Early 2023"]
[White "Ciuffoletti, Paolo"]
[Black "Stanojevic, Ilija"]
[WhiteFideId "807630"]
[BlackFideId "959995"]
[WhiteElo "2143"]
[BlackElo "2138"]
[Result "0-1"]
[Round "02"]
[TimeControl "180+2"]
[Date "2023.05.02"]
[WhiteClock "0:00:05"]
[BlackClock "0:01:35"]

1. e4 d6 2. d4 Nf6 3. Nc3 Nbd7 4. f4 e5 5. Nf3 exd4 6. Nxd4 g6 7. Bc4 Bg7 8. O-O O-O 9. h3 Re8 10. Qf3 Nc5 11. Nb3 Ncxe4 12. Nxe4 Nxe4 13. c3 d5 14. Bd3 f5 15. Be3 b6 16. Bd4 Bb7 17. Bxg7 Kxg7 18. Rae1 c5 19. Bb5 Re7 20. Nc1 a6 21. Ba4 b5 22. Bc2 d4 23. Qd1 dxc3 24. bxc3 Qxd1 25. Rxd1 Nxc3 26. Rd6 Rae8 27. Nd3 Re2 28. Rf2 Rxf2 29. Nxf2 Re1+ 30. Kh2 Re2 31. Rd7+ Kf6 32. Rxb7 Rxf2 0-1


[Site "https://www.chess.com"]

[Event "Titled Tuesday Blitz May 2 Early 2023"]
[White "Kukula, Pawel"]
[Black "Amitpal, Singh"]
[WhiteFideId "1115081"]
[BlackFideId "5012899"]
[WhiteElo "2012"]
[BlackElo "2107"]
[Result "1/2-1/2"]
[Round "02"]
[TimeControl "180+2"]
[Date "2023.05.02"]
[WhiteClock "0:00:26"]
[BlackClock "0:00:09"]

1. d4 Nf6 2. Nf3 g6 3. Nc3 Bg7 4. e4 d6 5. Be2 O-O 6. O-O Nc6 7. d5 Nb8 8. h3 e5 9. dxe6 fxe6 10. a4 a5 11. Be3 Na6 12. Qd2 Qe7 13. e5 Nd7 14. Bg5 Qf7 15. exd6 cxd6 16. Qxd6 Ndc5 17. Bc4 Qf5 18. Qd2 Bd7 19. Rae1 Rae8 20. Be3 Bc6 21. Nd4 Bxd4 22. Bxd4 Rd8 23. Qe3 h5 24. Qe5 Qxe5 25. Bxe5 Kf7 26. Rd1 Ke7 27. Nb5 Bd5 28. Bxd5 Rxd5 29. Rxd5 exd5 30. Re1 Kd7 31. f3 Re8 32. Bg3 Rxe1+ 33. Bxe1 Ke6 34. Bxa5 Nxa4 35. b3 N4c5 36. Bd2 Ke5 37. Kf2 d4 38. Bh6 Kd5 39. Bg7 Ne6 40. Na3 Nxg7 41. g4 Ne6 42. Kg3 hxg4 43. fxg4 Nac5 44. h4 Ne4+ 45. Kf3 Nf6 46. Nc4 Ne4 47. Nb6+ Ke5 48. Nd7+ Kd6 49. Nb6 Nd2+ 50. Kg3 Nf1+ 51. Kf3 Ne3 52. c4 Nd1 53. b4 Nc3 54. c5+ Ke5 55. h5 gxh5 56. gxh5 d3 57. Ke3 Nf4 58. Nd7+ Kf5 59. h6 Ncd5+ 60. Kd2 Kg6 61. b5 Kxh6 62. c6 bxc6 63. bxc6 Kg6 64. Ne5+ Kf5 65. Nxd3 Nxd3 66. Kxd3 Ke5 67. Kc4 Kd6 68. Kb5 Nc7+ 69. Kb6 Ne6 70. Kb7 Nc7 71. Kb6 Nd5+ 72. Kb7 Nc7 73. Kb6 1/2-1/2


[Site "https://www.chess.com"]

[Event "Titled Tuesday Blitz May 2 Early 2023"]
[White "Xu, Daniel"]
[Black "Kiseljova, Marya"]
[WhiteFideId "2627345"]
[BlackFideId "4155009"]
[WhiteElo "1980"]
[BlackElo "1851"]
[Result "1-0"]
[Round "02"]
[TimeControl "180+2"]
[Date "2023.05.02"]
[WhiteClock "0:00:30"]
[BlackClock "0:00:05"]

1. e4 c5 2. Nf3 Nc6 3. d4 cxd4 4. Nxd4 g6 5. Nc3 Bg7 6. Be3 Nf6 7. Bc4 O-O 8. O-O Nxe4 9. Nxe4 d5 10. Nxc6 bxc6 11. Bd3 dxe4 12. Bxe4 Qc7 13. c3 Ba6 14. Re1 Rfd8 15. Qf3 Rab8 16. Bf4 e5 17. Bg5 Rd6 18. b3 f6 19. Be3 f5 20. Bc2 e4 21. Qg3 Bxc3 22. Bf4 Bxa1 23. Bxd6 Qa5 24. Rxa1 Rd8 25. Bc7 Qd2 26. Bxd8 Qxc2 27. Qe5 Qd2 28. Bf6 1-0


[Site "https://www.chess.com"]

[Event "Titled Tuesday Blitz May 2 Early 2023"]
[White "Acikel, Mert"]
[Black "Ljukin, Sergei"]
[WhiteFideId "12956465"]
[BlackFideId "14102200"]
[WhiteElo "2097"]
[BlackElo "2312"]
[Result "0-1"]
[Round "02"]
[TimeControl "180+2"]
[Date "2023.05.02"]
[WhiteClock "0:00:06"]
[BlackClock "0:00:51"]

1. e4 e6 2. d4 d5 3. Nd2 Nf6 4. e5 Nfd7 5. Bd3 c5 6. c3 Nc6 7. Ne2 cxd4 8. cxd4 f6 9. exf6 Qxf6 10. Nf3 h6 11. O-O Bd6 12. Re1 O-O 13. Ng3 Rf7 14. Nh5 Qe7 15. Be3 Nf8 16. Rc1 Bd7 17. a3 Be8 18. h3 Rd8 19. Ne5 Nxe5 20. dxe5 Bxe5 21. Bxa7 Bxb2 22. Rb1 Bxa3 23. Qg4 Bc5 24. Bxc5 Qxc5 25. Nf4 Qd4 26. Nxe6 Nxe6 27. Bg6 Qxg4 28. Bxf7+ Bxf7 29. hxg4 Rd7 30. Rb6 d4 31. Rbxe6 Bxe6 32. Rxe6 d3 33. Re1 d2 34. Rd1 Kf7 35. Kf1 Kf6 0-1


[Site "https://www.chess.com"]

[Event "Titled Tuesday Blitz May 2 Early 2023"]
[White "Osiecki, Stanislaw"]
[Black "Ramirez Vido, Robert Yorisan"]
[WhiteFideId "1102990"]
[BlackFideId "3513823"]
[WhiteElo "2088"]
[BlackElo "2015"]
[Result "1-0"]
[Round "02"]
[TimeControl "180+2"]
[Date "2023.05.02"]
[WhiteClock "0:00:12"]
[BlackClock "0:00:02"]

1. e4 d6 2. d4 Nf6 3. Nc3 g6 4. f4 Bg7 5. Nf3 c5 6. dxc5 Qa5 7. Bd3 Qxc5 8. Qe2 O-O 9. Be3 Qb4 10. O-O Bg4 11. Rab1 a6 12. h3 Bxf3 13. Qxf3 Nc6 14. a3 Qa5 15. f5 Ne5 16. Qg3 Rac8 17. Bd2 Nh5 18. Qh4 Qc5+ 19. Kh1 Nxd3 20. cxd3 Qe5 21. Kg1 Qd4+ 22. Qf2 Qxd3 23. Rfe1 Bd4 24. Be3 Bxe3 25. Rxe3 Qd4 26. Rd1 Qe5 27. Nd5 Nf6 28. Nxf6+ Qxf6 29. Rb3 b5 30. Qb6 Rc2 31. Rg3 Rxb2 32. Qxa6 Qe5 33. Rg4 Qc5+ 34. Kh1 Qc2 35. Rf1 Rc8 36. fxg6 hxg6 37. Qb7 Rc3 38. Qd5 Rxh3+ 39. Kg1 Rh7 40. Rxg6+ Kf8 41. Qa8+ 1-0


[Site "https://www.chess.com"]

[Event "Titled Tuesday Blitz May 2 Early 2023"]
[White "Vargas Rodriguez, Wilver"]
[Black "Sai Han Thiha"]
[WhiteFideId "3509672"]
[BlackFideId "13012290"]
[WhiteElo "2224"]
[BlackElo "1954"]
[Result "0-1"]
[Round "02"]
[TimeControl "180+2"]
[Date "2023.05.02"]
[WhiteClock "0:00:01"]
[BlackClock "0:00:15"]

1. e4 c6 2. Nc3 d5 3. Nf3 Bg4 4. d3 d4 5. Ne2 Bxf3 6. gxf3 c5 7. f4 Nc6 8. Ng3 e6 9. Bg2 g6 10. Qe2 Bd6 11. e5 Be7 12. Ne4 Nh6 13. Bd2 Nf5 14. O-O-O Rc8 15. Kb1 Nb4 16. c3 dxc3 17. Bxc3 Nd5 18. Qc2 Nxf4 19. Rhg1 b5 20. Nd6+ Kf8 21. Nxf5 gxf5 22. Bd2 Ng6 23. Bh6+ Kg8 24. Bf3 Bf8 25. Bg5 Be7 26. Bf6 Bxf6 27. exf6 Qxf6 28. Bh5 Kg7 29. h4 Qxh4 30. f4 Qxh5 31. Qc3+ f6 32. Qa5 Rhf8 33. Qxa7+ Rf7 34. Qb6 Qe2 35. Qxe6 Qxe6 36. Rde1 Qd5 37. Rd1 Ra8 38. b3 Qd4 39. Rg2 Re7 40. Rh1 Qxd3+ 41. Ka1 Qd4+ 42. Kb1 Qe4+ 0-1


[Site "https://www.chess.com"]

[Event "Titled Tuesday Blitz May 2 Early 2023"]
[White "Womacka, Mathias"]
[Black "Sailer, Mike"]
[WhiteFideId "4611390"]
[BlackFideId "2012901"]
[WhiteElo "2377"]
[BlackElo "2109"]
[Result "1-0"]
[Round "02"]
[TimeControl "180+2"]
[Date "2023.05.02"]
[WhiteClock "0:00:00"]
[BlackClock "0:00:00"]

1. e4 d5 2. exd5 Qxd5 3. Nc3 Qd6 4. d4 Nf6 5. Nf3 c6 6. Ne5 Nbd7 7. Nc4 Qc7 8. Qf3 Nb6 9. Bf4 Qd8 10. Ne5 Nbd5 11. Bd2 Nxc3 12. Bxc3 Qd5 13. Qe3 Qe4 14. Bc4 Qxe3+ 15. fxe3 e6 16. O-O Bd6 17. Rae1 O-O 18. e4 Bxe5 19. dxe5 Nd7 20. Rd1 b5 21. Bb3 a5 22. a3 Rd8 23. Rd6 c5 24. Rfd1 Kf8 25. a4 b4 26. Be1 Ra7 27. Bc4 Re8 28. Bb5 Ke7 29. Bh4+ f6 30. exf6+ gxf6 31. e5 Nxe5 32. Bxe8 Kxe8 33. Rd8+ Ke7 34. Rxc8 Nc4 35. Rxc5 Nxb2 36. Ra1 Rd7 37. Rxa5 Nd1 38. Rb5 Nc3 39. Rxb4 Ne2+ 40. Kf2 Nd4 41. Rd1 e5 42. c3 1-0


[Site "https://www.chess.com"]

[Event "Titled Tuesday Blitz May 2 Early 2023"]
[White "Gurevich, Dmitry"]
[Black "Jaivardhan Raj"]
[WhiteFideId "2000407"]
[BlackFideId "25744437"]
[WhiteElo "2506"]
[BlackElo "1772"]
[Result "1-0"]
[Round "02"]
[TimeControl "180+2"]
[Date "2023.05.02"]
[WhiteClock "0:02:21"]
[BlackClock "0:00:31"]

1. d4 Nf6 2. c4 e5 3. dxe5 Ng4 4. Bf4 Bb4+ 5. Nc3 Qe7 6. Nf3 Nc6 7. Qd5 Bc5 8. e3 Nb4 9. Qd2 d6 10. exd6 cxd6 11. a3 Nc6 12. Nd5 Qd7 13. b4 Bb6 14. Nxb6 axb6 15. Qxd6 Qxd6 16. Bxd6 Kd7 17. Bf4 Nxb4 1-0


[Site "https://www.chess.com"]